 Dungeon Crawl Stone Soup version 0.29.1-1-gd02db6906a (webtiles) character file.

Game seed: 14746179446264016378

433 hawla the Firebug (level 7, -1/52 HPs)
             Began as a Meteoran Fire Elementalist on Oct 19, 2022.
             Was an Initiate of Vehumet.
             Slain by Duvessa
             ... wielding a +1 rapier of freezing
              (6 damage)
             ... on level 5 of the Dungeon.
             The game lasted 00:11:13 (2333 turns).

hawla the Firebug (Meteoran Fire Elementalist)      Turns: 2333, Time: 00:11:15

Health: -1/52      AC:  2    Str: 10    XL:     7   Next: 44%
Magic:  5/15       EV: 13    Int: 18    God:    Vehumet [......]
Gold:   222        SH:  0    Dex: 15    Spells: 8/15 levels left

rFire   . . .      SeeInvis .   d - +0 lajatang (pain)
rCold   . . .      Faith    .   (shield currently unavailable)
rNeg    . . .      Spirit   .   a - +0 robe
rPois   .          Reflect  .   (no helmet)
rElec   .          Harm     .   (no cloak)
rCorr   .          Rampage  .   (no gloves)
Will    .....                   (no boots)
Stlth   +.........              (no amulet)
HPRegen 0.17/turn               i - ring of wizardry
MPRegen 0.14/turn               (no ring)

@: very slightly contaminated, glowing
A: sense surroundings 1, otherworldly, glowing, explore regen
a: Renounce Religion


You were on level 5 of the Dungeon.
You worshipped Vehumet.
Vehumet was noncommittal.
You visited 1 branch of the dungeon, and saw 5 of its levels.

You collected 222 gold pieces.

Inventory:

Hand Weapons
 d - a +0 lajatang of pain (weapon)
Armour
 a - a +0 robe (worn)
Jewellery
 i - a ring of wizardry (left hand)
 r - a +4 ring of protection
Scrolls
 c - a scroll of enchant armour {unknown}
 j - a scroll of silence
 k - 2 scrolls of teleportation {unknown}
 l - a scroll of amnesia
 m - a scroll of butterflies
 p - 2 scrolls of identify
 q - a scroll of fear {unknown}
Potions
 b - a potion of magic
 e - 3 potions of curing
 f - 2 potions of flight {unknown}
 g - 2 potions of degeneration {unknown}
 h - a potion of invisibility {unknown}
 n - a potion of cancellation {unknown}
 o - a potion of heal wounds {unknown}
 s - a potion of mutation {unknown}
 u - a potion of lignification {unknown}


   Skills:
 + Level 1.4 Fighting
 - Level 1.0 Short Blades
 + Level 0.8 Staves
 + Level 3.5 Dodging
 - Level 1.4 Stealth
 + Level 4.7 Spellcasting
 + Level 3.2 Conjurations
 + Level 2.0 Necromancy
 + Level 6.0 Fire Magic


You had 8 spell levels left.
You knew the following spells:

 Your Spells              Type           Power      Damage    Failure   Level
a - Foxfire               Conj/Fire      80%        2x1d8     1%          1
b - Scorch                Fire           52%        2d7       1%          2
c - Flame Wave            Conj/Fire      20%        2d7       9%          4

Your spell library contained the following spells:

 Spells                   Type           Power      Damage    Failure   Level
 Conjure Flame            Conj/Fire      20%        6-21      2%          3
 Inner Flame              Hex/Fire       15%        N/A       4%          3
 Portal Projectile        Hex/Tloc       8%         N/A       16%         3
 Tukima's Dance           Hex            4%         N/A       16%         3
 Blade Hands              Tmut           2%         N/A       80%         5


Dungeon Overview and Level Annotations

Branches:
Dungeon (5/15) Zot: 654
 Temple: D:4-7

Altars:
Cheibriados
Nemelex Xobeh
Vehumet

Annotations:
D:3 1 transporter
D:5 Dowan, Duvessa


Innate Abilities, Weirdness & Mutations

You passively map a small area around you.
You are easily found by Zot.
You glow in the dark.
You regain HP and MP as you explore.


Message History

Duvessa is lightly wounded.
The foxfire hits Duvessa.
Duvessa resists.
Duvessa is lightly wounded.
Dowan casts a spell at you. The puff of flame hits you!
Casting: Foxfire (safe; 1% risk of failure)
Confirm with . or Enter, or press ? or * to list all spells.
You conjure some foxfire!
Dowan says, "Magic and the sword, together, will defeat you."
The foxfire hits Duvessa but does no damage.
Duvessa is lightly wounded.
The foxfire hits Duvessa.
Duvessa completely resists.
Duvessa is lightly wounded.
Casting: Foxfire (safe; 1% risk of failure)
Confirm with . or Enter, or press ? or * to list all spells.
Casting: Flame Wave (dangerous; 9% risk of failure)
Press: ? - help, Dir - look around, f - activate You miscast Flame Wave.
You are very lightly contaminated with residual magic.
Energy rips through your body!
Unknown command.
Casting: Flame Wave (dangerous; 9% risk of failure)
Confirm with . or Enter, or press ? or * to list all spells.
Casting: Flame Wave (dangerous; 9% risk of failure)
Press: ? - help, Dir - look around, f - activate A wave of flame ripples out!
The flame wave engulfs Dowan!
Dowan is moderately wounded.
The flame wave engulfs Duvessa but does no damage.
Duvessa is lightly wounded. (Press . to intensify the flame waves.) Duvessa hits you with a +1 rapier of freezing.
Duvessa freezes you. Dowan hits you with a +0 dagger.
A wave of flame ripples out!
The flame wave engulfs Dowan!
Dowan is almost dead.
The flame wave engulfs Duvessa but does no damage.
Duvessa is lightly wounded.
Duvessa hits you with a +1 rapier of freezing!
* * * LOW HITPOINT WARNING * * *
Duvessa freezes you.
You die...

####.#####.......#
#.#.####.##.#
..........###.####
#.#.####.##)# #.##.####.###.#
#........##.## #....# #.....#
##.#######...# .....# #######
#.# #...# ###..# * * #.# #...#
.....# ,.. #.# #####.... ###.##
....##### #.###........ #.# *
.$....e@# #..†........< #.#
....###e# #..##....<... #.# .,,
#.# #..######.... ##.## * * #.#
##..# #...# #...# #.# #...#
#...# #...####### #.# #.#.#
#...# #.........# #.###.#.#
##.## ##.#.####.#
#.......#######.##
#.#.####.#########.##..........


You could see Duvessa and Dowan.

Vanquished Creatures
  2 scorpions (D:5)
  A hound (D:5)
  A jelly (D:4)
  An iguana (D:5)
  4 orc wizards
  2 adders
  An ufetubus (D:4)
  A worm (D:5)
  4 dart slugs
  12 orcs
  4 endoplasms
  2 giant cockroaches
  11 goblins
  3 hobgoblins
  8 jackals
  4 kobolds
  3 quokkas
  6 ball pythons
  7 bats
  4 frilled lizards
  2 rats (D:2)
83 creatures vanquished.

Vanquished Creatures (others)
  125 foxfires
  A plant (D:1)
126 creatures vanquished.

Grand Total: 209 creatures vanquished

Notes
Turn   | Place    | Note
-------+----------+-------------------------------------------
     0 | D:1      | hawla the Meteoran Fire Elementalist began the quest for
                  | the Orb.
     0 | D:1      | Reached XP level 1. HP: 14/14 MP: 5/5
    81 | D:1      | Reached XP level 2. HP: 20/20 MP: 1/6
   161 | D:1      | Reached skill level 4 in Fire Magic
   183 | D:1      | Found a faded altar of an unknown god.
   383 | D:1      | Learned a level 2 spell: Scorch
   492 | D:1      | Glimpsed the power of Zot.
   496 | D:1      | Reached XP level 3. HP: 26/26 MP: 6/8
   542 | D:1      | Glimpsed the power of Zot.
   736 | D:2      | Reached XP level 4. HP: 33/33 MP: 4/10
   982 | D:2      | Learned a level 4 spell: Flame Wave
  1223 | D:3      | Reached skill level 5 in Fire Magic
  1224 | D:3      | Reached XP level 5. HP: 14/38 MP: 5/11
  1343 | D:3      | Found a sparkling altar of Nemelex Xobeh.
  1343 | D:3      | Found a transporter.
  1665 | D:4      | Reached XP level 6. HP: 32/46 MP: 12/12
  1759 | D:4      | Found a snail-covered altar of Cheibriados.
  1789 | D:4      | Reached skill level 1 in Fighting
  1789 | D:4      | Reached skill level 1 in Short Blades
  1859 | D:4      | Found a radiant altar of Vehumet.
  1861 | D:4      | Identified a scroll of acquirement
  1861 | D:4      | Acquired a +0 lajatang of pain
  1876 | D:4      | Became a worshipper of Vehumet
  1879 | D:5      | Entered Level 5 of the Dungeon
  2023 | D:5      | Reached XP level 7. HP: 52/52 MP: 10/14
  2104 | D:5      | Reached skill level 6 in Fire Magic
  2325 | D:5      | Noticed Dowan
  2325 | D:5      | Noticed Duvessa
  2333 | D:5      | Slain by Duvessa

Illustrated notes

Levels and vault maps discovered:
D:1:      ncdulo_watergridlock, layout_loops_corners,
          shapermc_ecumenical_altar_hornbeckon, wad_floor_pattern_2,
          chequers_big_river
D:2:      layout_basic
D:3:      layout_basic, grunt_nemelex_the_gamble
D:4:      layout_basic, mainiacjoe_overflow_brackets, general_overflow_altar
D:5:      layout_loops_cross, minmay_misc_feat_diagonals, uniq_duvessa

Skill      XL: |  1  2  3  4  5  6  7 |
---------------+----------------------+-----
Fire Magic     | 4 5 6 |  6.0
Spellcasting   | 3 4 |  4.7
Conjurations   | 2 3 |  3.2
Dodging        | 3 |  3.5
Fighting       | 1 |  1.4
Short Blades   | 1 |  1.0
Necromancy     | 2 |  2.0
Staves         | |  0.8
Stealth        | |  1.4

Action                   |  1- 3 |  4- 6 |  7- 9 || total
-------------------------+-------+-------+-------++-------
Melee: Dagger            |    13 |    62 |       ||    75
       Punch             |       |     3 |       ||     3
       Lajatang          |       |    10 |     7 ||    17
 Cast: Foxfire           |    45 |    16 |    15 ||    76
       Flame Wave        |       |     2 |     1 ||     3
       Scorch            |       |    10 |     2 ||    12
  Use: Potion            |       |     1 |       ||     1
       Scroll            |       |     7 |       ||     7
 Stab: Sleeping          |       |     1 |       ||     1
Armor: Robe              |    11 |    18 |     2 ||    31
Dodge: Dodged            |    22 |    49 |     4 ||    75
